 Dungeon Crawl Stone Soup version 0.22-a0-515-g75794bf (webtiles) character file.

1057 Amnesiac the Nimble (level 8, -1/46 HPs)
             Began as a Spriggan Berserker on June 19, 2018.
             Was a Priest of Trog.
             Slain by a centaur (9 damage)
             ... on level 7 of the Dungeon.
             The game lasted 00:10:24 (5007 turns).

Amnesiac the Nimble (Spriggan Berserker)            Turns: 5007, Time: 00:10:24

Health: -1/46      AC:  2    Str: 19 (20) XL:     8   Next: 6%
Magic:  9/9        EV: 22    Int:  7 (9)  God:    Trog [***...]
Gold:   238        SH:  0    Dex: 12 (15) Spells: 7/7 levels left

rFire    + . .     SeeInvis +   a - +0 short sword
rCold    . . .     Gourm    .   (shield restricted)
rNeg     . . .     Faith    .   b - +0 animal skin
rPois    +         Spirit   .   (helmet restricted)
rElec    .         Reflect  .   (no cloak)
rCorr    .         Harm     .   (gloves unavailable)
MR       ++...                  (boots unavailable)
Stlth    +.........             (no amulet)
HPRegen  0.15/turn              t - ring of protection from fire
MPRegen  0.11/turn              (no ring)

@: mighty, about to teleport, very slightly contaminated, very quick
A: very small, unfitting armour, see invisible, herbivore, speed 3, magic
resistance 1, poison resistance, screaming 1, slow metabolism 2
a: Berserk, Trog's Hand, Renounce Religion


You were on level 7 of the Dungeon.
You worshipped Trog.
Trog was most pleased with you.
You were very hungry.

You visited 2 branches of the dungeon, and saw 8 of its levels.

You collected 238 gold pieces.

Inventory:

Hand Weapons
 a - a +0 short sword (weapon)
Missiles
 i - 118 stones (quivered)
 r - 2 throwing nets
 s - 35 sling bullets
Armour
 b - a +0 animal skin (worn)
Jewellery
 g - an uncursed ring of stealth {unknown}
 t - a ring of protection from fire (left hand)
Scrolls
 e - a scroll of teleportation {!r}
 j - a scroll of magic mapping {!r}
 m - 3 scrolls of remove curse {!r}
Potions
 c - a potion of haste {!q}
 h - a potion of lignification {!q}
 q - a potion of magic {!q}


   Skills:
 * Level 7.2 Fighting
 - Level 3.2 Short Blades
 + Level 8.1 Dodging


You had 7 spell levels left.
You didn't know any spells.
Your spell library contained the following spells:

 Spells                   Type           Power        Failure   Level  Hunger
 Confuse                  Hex            #.......     80%         3    ####...
 Confusing Touch          Hex            #.....       43%         1    ##.....
 Metabolic Englaciation   Hex/Ice        #.........   100%        5    ######.
 Petrify                  Tmut/Erth      #.......     99%         4    #####..
 Gell's Gravitas          Tloc           #.........   80%         3    ####...
 Yara's Violent Unravell  Hex/Tmut       #.........   100%        5    ######.


Dungeon Overview and Level Annotations

Branches:
Dungeon (7/15)             Temple (1/1) D:5

Altars:
Ashenzari
Cheibriados
Elyvilon
Fedhas
Kikubaaqudgha
Makhleb
Okawaru
Qazlal
Sif Muna
Uskayaw
Vehumet
Xom
Yredelemnul
Zin
The Shining One

Annotations:
D:5 Eustachio


Innate Abilities, Weirdness & Mutations

You are very small and have problems with some larger weapons.
You are too small for most types of armour.
You have supernaturally acute eyesight. (SInv)
You are a herbivore.
You cover ground extremely quickly.
You need to consume almost no food.
You are resistant to hostile enchantments. (MR+)
Your system is resistant to poisons. (rPois)
You occasionally shout uncontrollably at your foes.


Message History

The killer bee stings you but does no damage.
The killer bee stings you.
* * * LOW HITPOINT WARNING * * *
You barely miss the killer bee.
The killer bee is almost dead.
The killer bee stings you but does no damage. x2
You miss the killer bee.
The killer bee is almost dead.
The killer bee barely misses you.
The killer bee stings you but does no damage.
You puncture the killer bee!
You kill the killer bee!
Trog accepts your kill.
You completely miss the adder. The adder bites you but does no damage.
You closely miss the adder.
You feel less wooden. The adder misses you. The adder bites you.
* * * LOW HITPOINT WARNING * * *
You shout at the centaur!
A centaur comes into view.
The centaur shouts!
The centaur wields a glowing shortbow.
It bursts into flame!
The centaur shoots an arrow.
The arrow misses you.
You see here an arrow.
The centaur zaps a wand.
You resist with almost no effort.
It is a wand of polymorph (8).
The centaur shoots an arrow.
The arrow hits you.
* * * LOW HITPOINT WARNING * * *
You see here an arrow.
Really quaff
o - a potion of heal wounds {!q}?
You feel much better.
The centaur shoots an arrow.
The arrow hits you! The arrow burns you.
The centaur shoots an arrow.
The arrow hits you!
* * * LOW HITPOINT WARNING * * *
You see here an arrow.
The centaur zaps a wand.
You resist with almost no effort.
The centaur shoots an arrow.
The arrow hits you!
* * * LOW HITPOINT WARNING * * *
The arrow burns you.
* * * LOW HITPOINT WARNING * * *
You see here an arrow.
Really quaff
k - 2 potions of curing {!q}?
You feel better.
You feel a little less clever now.
The centaur unwields an uncursed shortbow of flaming.
It stops flaming.
The centaur hits you.
* * * LOW HITPOINT WARNING * * *
The centaur closely misses you.
Really quaff
k - a potion of curing {!q}?
You feel better.
The centaur zaps a wand.
You resist with almost no effort.
Okay, then.
Really read
e - 2 scrolls of teleportation {!r}?
As you read the scroll of teleportation {!r}, it crumbles to dust.
You feel strangely unstable. The centaur misses you. The centaur hits you.
* * * LOW HITPOINT WARNING * * *
The centaur zaps a wand.
You resist with almost no effort. The adder completely misses you.
The killer bee stings you!
* * * LOW HITPOINT WARNING * * *
The centaur zaps a wand.
You resist with almost no effort. The adder misses you.
The killer bee stings you but does no damage.
The centaur hits you!
You die...

.# .# .## .. #.####### .#
#....c@S#########.#
##########yyy(.(...y.####
#......# ##########y....#
#......# #.###..# #......#
#.# .
#......############S#
#..(...y.†y..yyS....#
#......############.......
#.......# ..######


You could see a centaur, 3 killer bees and an adder.

Vanquished Creatures
  An ice beast (D:5)
  An ogre (D:3)
  A bullfrog (D:7)
  2 killer bees (D:7)
  2 crimson imps
  A hound (D:6)
  3 orc wizards (D:3)
  2 centaur skeletons
  An iguana (D:6)
  A worker ant (D:5)
  7 gnolls
  5 adders
  3 oozes (D:1)
  A dart slug (D:1)
  3 leopard geckos
  11 orcs (D:3)
  A ball python (D:2)
  5 bats
  A giant cockroach (D:3)
  9 hobgoblins
  2 jackals (D:3)
  2 frilled lizards
  14 goblins
  5 kobolds
  A leopard gecko skeleton (D:4)
  3 rats
88 creatures vanquished.

Notes
Turn   | Place    | Note
-------+----------+-------------------------------------------
     0 | D:1      | Amnesiac the Spriggan Berserker began the quest for the Orb.
     0 | D:1      | Reached XP level 1. HP: 11/11 MP: 2/2
   154 | D:1      | Reached XP level 2. HP: 5/16 MP: 3/3
   157 | D:1      | Reached skill level 5 in Dodging
   571 | D:1      | Reached XP level 3. HP: 17/20 MP: 4/4
   981 | D:2      | Reached ** piety under Trog
  1570 | D:2      | Reached skill level 6 in Dodging
  1570 | D:2      | Reached XP level 4. HP: 13/24 MP: 5/5
  1964 | D:2      | Found an ancient bone altar of Kikubaaqudgha.
  2050 | D:3      | Reached XP level 5. HP: 29/29 MP: 6/6
  2195 | D:3      | Noticed an ogre
  2242 | D:3      | Killed an ogre
  2242 | D:3      | Reached skill level 7 in Dodging
  2402 | D:3      | Reached XP level 6. HP: 34/34 MP: 7/7
  2501 | D:3      | Found a snail-covered altar of Cheibriados.
  2566 | D:3      | Found a burning altar of Makhleb.
  2603 | D:3      | Reached skill level 8 in Dodging
  2803 | D:3      | Found a faded altar of an unknown god.
  3105 | D:3      | Reached *** piety under Trog
  3528 | D:4      | Noticed Eustachio
  3555 | D:4      | Found a radiant altar of Vehumet.
  3567 | D:5      | Entered Level 5 of the Dungeon
  3587 | D:5      | Found a staircase to the Ecumenical Temple.
  3602 | Temple   | Entered the Ecumenical Temple
  3771 | D:4      | Found a white marble altar of Elyvilon.
  3851 | D:5      | Noticed an ice beast
  3891 | D:5      | Reached skill level 5 in Fighting
  4220 | D:5      | Killed an ice beast
  4220 | D:5      | Reached XP level 7. HP: 18/39 MP: 8/8
  4641 | D:4      | Found a glowing golden altar of the Shining One.
  4937 | D:7      | Gained mutation: You occasionally shout uncontrollably at your foes. [potion of mutation]
  4937 | D:7      | Gained mutation: Your system is resistant to poisons. (rPois) [potion of mutation]
  4937 | D:7      | Gained mutation: You are resistant to hostile enchantments. (MR+) [potion of mutation]
  4968 | D:7      | Reached XP level 8. HP: 40/46 MP: 9/9
  5007 | D:7      | Slain by a centaur

Vault maps used:
D:1:      wheals_arrival_linesprint
D:2:      lemuel_coloured_pillars_altar
D:3:      makhleb_grotto_becter, cheibriados_altar_1,
          chequers_ecumenical_altar_simple, minmay_ogre_servants
D:4:      lemuel_doored_altar, marbit_many_paths,
          nicolae_overflow_hidden_temple, uniq_eustachio
D:5:      kennysheep_little_box, minmay_temple_entry_glass, first_ration
D:7:      serial_shops, shop
Temple:   dpeg_three_leaves_temple

Skill      XL: |  1  2  3  4  5  6  7 |
---------------+----------------------+-----
Dodging        | 5 6 7 8 |  8.1
Fighting       | 3 4 5 7 |  7.2
Short Blades   | |  3.2

Action                   |  1- 3 |  4- 6 |  7- 9 || total
-------------------------+-------+-------+-------++-------
Melee: Short sword       |   112 |   296 |    99 ||   507
Throw: Stone             |       |    12 |       ||    12
Invok: Berserk           |     3 |     6 |       ||     9
  Use: Scroll            |       |     7 |     1 ||     8
       Potion            |       |     3 |    11 ||    14
 Stab: Sleeping          |     2 |     1 |       ||     3
       Invisible         |       |       |     3 ||     3
  Eat: Ration            |     1 |     4 |       ||     5
Armor: Animal skin       |     4 |    11 |     5 ||    20
       Skin              |       |       |    38 ||    38
Dodge: Dodged            |    77 |   233 |    77 ||   387

Table legend:
 A = Spawn XP
 B = Non-spawn XP
 C = Spawn XP percentage of total XP
 D = Spawn monster count
 E = Non-spawn monster count
 F = Spawn count percentage of total count
 G = Total turns spent on level
                    A         B        C        D         E        F      G
               +---------+---------+-------+---------+---------+-------+---------
         Total |       0 |    1510 |   0.0 |       0 |      88 |   0.0 |  5007
               +---------+---------+-------+---------+---------+-------+---------
           D:1 |       0 |      58 |   0.0 |       0 |      16 |   0.0 |   872
           D:2 |       0 |      89 |   0.0 |       0 |      17 |   0.0 |  1286
           D:3 |       0 |     400 |   0.0 |       0 |      40 |   0.0 |  1317
           D:4 |       0 |      46 |   0.0 |       0 |       5 |   0.0 |   551
           D:5 |       0 |     219 |   0.0 |       0 |       4 |   0.0 |   748
           D:6 |       0 |      80 |   0.0 |       0 |       2 |   0.0 |    84
           D:7 |       0 |     618 |   0.0 |       0 |       4 |   0.0 |    83
               +---------+---------+-------+---------+---------+-------+---------
